 Dungeon Crawl Stone Soup version 0.21.1-1-g345015fe64 (webtiles) character file.

3896 Revguard the Covert (level 10, -20/66 HPs)
             Began as an Octopode Assassin on June 4, 2018.
             Demolished by a two-headed ogre
             ... wielding a +0 giant club
              (26 damage)
             ... on level 8 of the Dungeon on June 5, 2018.
             The game lasted 01:03:56 (8631 turns).

Revguard the Covert (Octopode Assassin)             Turns: 8631, Time: 01:03:57

Health: -20/66     AC:  4    Str: 12    XL:     10   Next: 20%
Magic:  13/13      EV: 17    Int: 13    God:
Gold:   330        SH:  0    Dex: 16    Spells: 9/9 levels left

rFire    . . .     SeeInvis .   b - +1 blowgun
rCold    + . .     Gourm    .   (no shield)
rNeg     . . .     Faith    .   (helmet restricted)
rPois    .         Spirit   .   (no amulet)
rElec    .         Reflect  .   l - ring of protection from cold
rCorr    .         Harm     .   r - ring of stealth
MR       .....                  s - +3 ring of protection
Stlth    +++++++...             (no ring)
HPRegen  0.21/turn              (no ring)
MPRegen  0.13/turn              (no ring)
                                (no ring)
                                (no ring)

@: no status effects
A: almost no armour, stealthy swim, amphibious, 8 rings, constrict 8, camouflage
1, gelatinous body 1
a: no special abilities


You were on level 8 of the Dungeon.
You were not hungry.

You visited 2 branches of the dungeon, and saw 9 of its levels.

You collected 330 gold pieces.

Inventory:

Hand Weapons
 b - a +1 blowgun (weapon)
 d - a +3 dagger of venom
Missiles
 c - 44 poisoned needles (quivered)
 p - 3 needles of confusion
Jewellery
 l - a ring of protection from cold (left tentacle)
 r - a ring of stealth (right tentacle)
 s - a +3 ring of protection (on tentacle)
Wands
 a - a wand of clouds (6)
 k - a wand of polymorph (22)
Scrolls
 e - 2 scrolls of amnesia
 g - 2 scrolls of remove curse
 i - 2 scrolls of identify
 j - 2 scrolls of magic mapping
 v - a scroll of fog {unknown}
 w - a scroll of enchant armour {unknown}
Potions
 o - a potion of might
 t - a potion of degeneration
 u - 2 potions of agility
 x - a potion of cancellation
Comestibles
 f - 10 rations


   Skills:
 + Level 5.4 Fighting
 + Level 6.4 Short Blades
 + Level 6.4 Throwing
 * Level 6.2 Dodging
 - Level 10.7 Stealth
 * Level 5.2 Evocations


You had 9 spell levels left.
You didn't know any spells.

Dungeon Overview and Level Annotations

Branches:
Dungeon (8/15)             Temple (1/1) D:6
   Lair: D:8-11

Altars:
Ashenzari
Elyvilon
Fedhas
Gozag
Hepliaklqana
Kikubaaqudgha
Makhleb
Okawaru
Qazlal
Sif Muna
Trog
Uskayaw
Vehumet
Wu Jian
Xom
Zin
The Shining One

Annotations:
D:4 Freyura's ghost, amateur MiFi


Innate Abilities, Weirdness & Mutations

You cannot wear most types of armour.
You are very stealthy in the water. (Stealth+)
You are amphibious.
You can wear up to eight rings at the same time.
You can use your tentacles to constrict eight enemies at once.
Your skin changes colour to match your surroundings (Stealth+).
Your rubbery body absorbs attacks. (AC +1, EV +1)


Message History

The two-headed ogre shouts in stereo!
The two-headed ogre barely misses you. x2
The two-headed ogre shouts in stereo!
Okay, then.
It was a potion of magic.
Magic courses through your body.
The two-headed ogre hits you with a giant club.
* * * LOW HITPOINT WARNING * * *
The two-headed ogre hits you with a giant club!
* * * LOW HITPOINT WARNING * * *
As you read the scroll labeled NAEZITZ JUOPN, it crumbles to dust.
You hear a crunching sound.
It was a scroll of random uselessness.
The two-headed ogre barely misses you.
The two-headed ogre hits you with a giant club.
* * * LOW HITPOINT WARNING * * *
As you read the scroll labeled ZEOREMEED, it crumbles to dust.
You hear a loud clanging noise!
It was a scroll of noise.
You hear a shout!
You hear an angry hiss.
You hear a shout!
The two-headed ogre hits you with a giant club!!
You die...

#### # .. ..### . #
#(#.. ## ##.
#.#.###.#.. ..... #
#.......... .#.#
.###.#.###.#..
..##..............
#.###.#..............)
#....@.# ###.###(### .
# ######O#######.###.#
# # #. #.....)..(†...#
# # #.###
#########.#######
######...##########
#.# ###<
.......#..........#
#.# #... ##
#..########.# #.# #.#)
.#######.# #.# #.#
#.## [.....##.# #.#
#.# #.##


You could see a neutral two-headed ogre (insane).

Vanquished Creatures
  A queen bee (D:8)
  A komodo dragon (D:8)
  Sigmund (D:4)
  2 orc warriors
  A steam dragon (D:8)
  Edmund (D:6)
  Duvessa (D:6)
  4 ice beasts
  A big kobold (D:7)
  Dowan (D:6)
  A water moccasin zombie (D:7)
  2 scorpions
  14 killer bees (D:8)
  4 wights (D:7)
  A centaur zombie (D:7)
  2 hounds
  2 jellies
  2 orc priests
  An orc wizard (D:5)
  Crazy Yiuf (D:4)
  2 centaur skeletons
  4 iguanas
  3 worker ants
  A worker ant zombie (D:6)
  5 adders
  4 gnolls
  3 shadow imps
  An ooze (D:4)
  An adder skeleton (D:7)
  2 worms
  3 dart slugs (D:1)
  2 leopard geckos
  10 orcs
  4 ball pythons
  3 giant cockroaches
  5 hobgoblins
  3 quokkas
  6 bats
  5 frilled lizards
  6 goblins
  2 kobolds (D:2)
  2 quokka skeletons
  4 rats
125 creatures vanquished.

Vanquished Creatures (collateral kills)
  A two-headed ogre (D:8)
  A sky beast (D:8)
  A necrophage (D:7)
  A crimson imp (D:8)
  2 orc priests (D:7)
  3 orc wizards
  An iguana (D:7)
  A hound zombie (D:5)
  7 gnolls
  12 orcs
  A giant cockroach (D:5)
  A leopard gecko zombie (D:8)
32 creatures vanquished.

Vanquished Creatures (others)
  A gnoll sergeant (D:6)
  An adder (D:5)
  2 gnolls
  4 orcs
8 creatures vanquished.

Grand Total: 165 creatures vanquished

Notes
Turn   | Place    | Note
-------+----------+-------------------------------------------
     0 | D:1      | Revguard the Octopode Assassin began the quest for the Orb.
     0 | D:1      | Reached XP level 1. HP: 14/14 MP: 1/1
   208 | D:1      | Reached XP level 2. HP: 19/19 MP: 2/2
   452 | D:1      | Reached skill level 6 in Stealth
   628 | D:1      | Reached XP level 3. HP: 24/24 MP: 3/3
   969 | D:2      | Reached XP level 4. HP: 21/29 MP: 4/4
  1319 | D:2      | Reached skill level 7 in Stealth
  2535 | D:4      | Reached XP level 5. HP: 19/35 MP: 5/5
  2840 | D:4      | Noticed Sigmund
  2847 | D:4      | Killed Sigmund
  2847 | D:4      | Reached skill level 8 in Stealth
  2847 | D:4      | Reached XP level 6. HP: 40/41 MP: 6/6
  3204 | D:4      | Noticed Freyura's ghost (amateur MiFi)
  3253 | D:4      | Found a runed door.
  3257 | D:4      | Noticed Crazy Yiuf
  3261 | D:4      | Killed Crazy Yiuf
  3326 | D:5      | Entered Level 5 of the Dungeon
  3504 | D:5      | Reached XP level 7. HP: 21/46 MP: 7/7
  3881 | D:5      | HP: 2/46 [worker ant (5)]
  3895 | D:6      | Noticed Duvessa
  3906 | D:6      | Noticed Dowan
  3954 | D:6      | Found a staircase to the Ecumenical Temple.
  4397 | D:6      | Killed Duvessa
  4418 | D:6      | Killed Dowan
  5277 | D:5      | Found a blossoming altar of Fedhas.
  5286 | D:5      | Reached XP level 8. HP: 44/54 MP: 8/8
  5843 | Temple   | Entered the Ecumenical Temple
  6163 | D:6      | Reached skill level 9 in Stealth
  6237 | D:6      | Reached skill level 1 in Evocations
  6322 | D:6      | Noticed Edmund
  6335 | D:6      | Killed Edmund
  6657 | D:7      | Reached skill level 5 in Throwing
  6939 | D:7      | Reached skill level 5 in Short Blades
  6939 | D:7      | Reached XP level 9. HP: 16/59 MP: 10/10
  7334 | D:7      | Reached skill level 5 in Dodging
  8076 | D:8      | Reached skill level 10 in Stealth
  8077 | D:8      | Noticed a two-headed ogre
  8094 | D:8      | Noticed a queen bee
  8102 | D:8      | Reached skill level 5 in Fighting
  8343 | D:8      | Noticed a komodo dragon
  8369 | D:8      | Killed a komodo dragon
  8484 | D:8      | Found a white marble altar of Elyvilon.
  8503 | D:8      | Noticed a two-headed ogre
  8508 | D:8      | Reached XP level 10. HP: 61/66 MP: 13/13
  8511 | D:8      | Killed a two-headed ogre
  8511 | D:8      | Reached skill level 5 in Evocations
  8521 | D:8      | Killed a queen bee
  8631 | D:8      | Demolished by a two-headed ogre

Skill      XL: |  1  2  3  4  5  6  7  8  9 10 |
---------------+-------------------------------+-----
Stealth        | 6 7 8 9 10 | 10.7
Short Blades   | 3 5 6 |  6.4
Throwing       | 3 4 5 6 |  6.4
Dodging        | 2 3 4 5 6 |  6.2
Fighting       | 3 4 5 |  5.4
Evocations     | 2 4 5 |  5.2

Action                   |  1- 3 |  4- 6 |  7- 9 | 10-12 || total
-------------------------+-------+-------+-------+-------++-------
Melee: Dagger            |    28 |    57 |   261 |     6 ||   352
       Constrict         |     3 |    15 |    39 |     2 ||    59
       Tentacles         |     4 |    13 |    56 |       ||    73
 Fire: Blowgun           |     6 |    31 |    55 |     7 ||    99
  Use: Scroll            |       |     7 |     7 |     2 ||    16
       Potion            |       |     2 |     5 |     1 ||     8
 Stab: Sleeping          |    13 |    10 |    17 |       ||    40
  Eat: Ration            |       |     2 |     5 |       ||     7
Armor: Skin              |     1 |     3 |    15 |       ||    19
Dodge: Dodged            |     9 |    58 |   141 |     7 ||   215
